 Dungeon Crawl Stone Soup version 0.26-a0-542-gbaa144b (webtiles) character file.

Game seed: 15471930859133262287

43195 relicbr the Impaler (level 14, -2/110 HPs)
             Began as a Merfolk Monk on Aug 17, 2020.
             Was a High Priest of Makhleb.
             Slain by an orc sorcerer
             ... wielding a +0 dagger of electrocution
              (11 damage)
             ... while paralysed by an orc sorcerer
             ... on level 2 of the Orcish Mines on Aug 18, 2020.
             The game lasted 00:52:05 (18924 turns).

relicbr the Impaler (Merfolk Monk)                 Turns: 18924, Time: 00:52:05

Health: -2/110     AC: 17    Str: 22    XL:     14   Next: 23%
Magic:  0/25       EV:  2    Int: 13    God:    Makhleb [*****.]
Gold:   1538       SH:  0    Dex: 19    Spells: 13/13 levels left

rFire    . . .     SeeInvis .   a - +0 halberd
rCold    + . .     Faith    .   (shield currently unavailable)
rNeg     . . .     Spirit   +   N - +3 scale mail
rPois    .         Reflect  .   H - +2 hat {Int+3}
rElec    .         Harm     .   I - +2 cloak
rCorr    .                      W - +0 pair of gloves {Dex+3}
MR       +....                  (no boots)
Stlth    +.........             P - amulet of guardian spirit
HPRegen  0.28/turn              l - +6 ring of strength
MPRegen  0.19/turn              J - ring of protection from cold

@: paralysed, lightly drained
A: change form in water, swift swim, stealthy swim
a: Minor Destruction, Lesser Servant of Makhleb, Major Destruction, Greater
Servant of Makhleb, Renounce Religion


You were on level 2 of the Orcish Mines.
You worshipped Makhleb.
Makhleb was extremely pleased with you.
You visited 4 branches of the dungeon, and saw 19 of its levels.
You also visited: Sewer.

You collected 1766 gold pieces.
You spent 228 gold pieces at shops.

Inventory:

Hand Weapons
 a - a +0 halberd (weapon)
 b - a +4 spear of freezing
Missiles
 x - 17 javelins (quivered)
 C - 12 curare-tipped darts
 O - 2 silver boomerangs
 X - a throwing net
Armour
 H - a +2 hat of intelligence (worn)
 I - a +2 cloak (worn)
 N - a +3 scale mail (worn)
 W - a +0 pair of gloves of dexterity (worn)
Jewellery
 c - an uncursed amulet of regeneration
 l - a +6 ring of strength (left hand)
 J - a ring of protection from cold (right hand)
 P - an amulet of guardian spirit (around neck)
Wands
 d - a wand of polymorph (15)
 z - a wand of iceblast (3)
 B - a wand of disintegration (16)
 M - a wand of digging (5)
 T - a wand of acid (15)
Scrolls
 f - a scroll of vulnerability {unknown}
 k - 5 scrolls of remove curse
 m - 3 scrolls of teleportation
 n - 5 scrolls of fear
 u - 6 scrolls of fog
 R - 3 scrolls of magic mapping
 V - 2 scrolls of blinking
Potions
 e - a potion of cancellation {unknown}
 h - 3 potions of invisibility
 i - 5 potions of flight
 o - 10 potions of curing
 q - 2 potions of ambrosia
 r - 2 potions of haste
 s - a potion of mutation {unknown}
 t - 4 potions of brilliance
 F - 2 potions of stabbing {unknown}
 G - 4 potions of resistance
 L - 6 potions of heal wounds
 Q - a potion of berserk rage {unknown}
 S - 6 potions of might
Miscellaneous
 g - a lightning rod (1/4)
 j - a phantom mirror


   Skills:
 - Level 10.0(9.4) Fighting
 - Level 17.0(16.4) Polearms
 - Level 8.0(7.5) Armour
 - Level 10.1(9.5) Dodging
 - Level 2.1(1.7) Stealth
 * Level 15.2(14.6) Invocations


You had 13 spell levels left.
You didn't know any spells.
Your spell library contained the following spells:

 Spells                   Type           Power        Failure   Level
 Corona                   Hex            #......      58%         1
 Shock                    Conj/Air       #...         58%         1
 Summon Small Mammal      Summ           #...         58%         1
 Call Imp                 Summ           #.......     73%         2
 Slow                     Hex            #.......     73%         2
 Swiftness                Air            #.......     73%         2
 Call Canine Familiar     Summ           #.......     91%         3
 Confusing Touch          Hex            #.......     91%         3
 Gell's Gravitas          Tloc           #.........   91%         3
 Inner Flame              Hex/Fire       #.......     91%         3
 Portal Projectile        Hex/Tloc       #.....       91%         3
 Static Discharge         Conj/Air       #.......     91%         3
 Summon Guardian Golem    Hex/Summ       #.......     91%         3
 Airstrike                Air            #.........   100%        4
 Cause Fear               Hex            #.........   100%        4
 Leda's Liquefaction      Hex/Erth       #.........   100%        4
 Petrify                  Tmut/Erth      #.......     100%        4
 Summon Ice Beast         Ice/Summ       #.......     100%        4
 Summon Lightning Spire   Summ/Air       #.......     100%        4
 Irradiate                Conj/Tmut      #.........   100%        5
 Lightning Bolt           Conj/Air       #.........   100%        5
 Metabolic Englaciation   Hex/Ice        #.........   100%        5
 Yara's Violent Unravell  Hex/Tmut       #.........   100%        5
 Hydra Form               Tmut           #.........   100%        6
 Statue Form              Tmut/Erth      #........    100%        6
 Dragon Form              Tmut           #.........   100%        7


Dungeon Overview and Level Annotations

Branches:
Dungeon (10/15)            Temple (1/1) D:4            Lair (6/6) D:10
 Shoals (0/4) Lair:4       Spider (0/4) Lair:4        Slime (0/5) Lair:5
    Orc (2/2) D:9             Elf (0/3) Orc:2         Sewer (visited)

Altars:
Ashenzari
Cheibriados
Dithmenos
Elyvilon
Fedhas
Gozag
Hepliaklqana
Kikubaaqudgha
Makhleb
Nemelex Xobeh
Okawaru
Qazlal
Ru
Sif Muna
Trog
Uskayaw
Vehumet
Wu Jian
Xom
Yredelemnul
Zin
The Shining One
Beogh

Shops:
D:4 *   D:6 !   D:9 ?   Orc:2 (

Annotations:
D:9 1 runed translucent door, Melum's ghost, novice DDNe


Message History

The orc sorcerer points at you and mumbles some strange words.
The bolt of negative energy hits you!
You feel drained.
The orc warrior hits you with a +0 scimitar of holy wrath!
The orc high priest hits you but does no damage.
The orc sorcerer mumbles some strange words.
The orc sorcerer shimmers violently.
The orc sorcerer hits you but does no damage.
You are electrocuted!!
* * * LOW HITPOINT WARNING * * *
The orc warrior hits you but does no damage.
The orc high priest calls down the wrath of Beogh upon you.
Beogh smites you!
* * * LOW HITPOINT WARNING * * *
The orc sorcerer completely misses you.
The orc high priest hits you but does no damage.
The orc warrior hits you but does no damage.
The orc sorcerer hits you with a +0 dagger of electrocution.
* * * LOW HITPOINT WARNING * * *
You are electrocuted!
You die...

##................. #..
..$....P.....P..... #..
.........8........#####.
_.........∩..........#..
................#...$..
..#...........###.....
..$.#P.....P..###......
#.. #P.PP......#†......
##..#o@........))......
#...†.o............##..
#...o####........#####.
....... ######..## .
....... #.## . .....#.
### ....### ....


You could see an orc high priest, an orc sorcerer and an orc warrior.

Vanquished Creatures
  Gastronok (D:8)
  6 hydras
  A two-headed ogre (D:9)
  Sonja (Lair:6)
  A necromancer (Lair:4)
  An orc sorcerer (Orc:2)
  An oklob plant (Lair:5)
  4 black mambas
  3 torpor snails
  11 cane toads
  5 komodo dragons
  3 rime drakes
  A jumping spider (Lair:4)
  7 polar bears
  2 trolls (D:9)
  Prince Ribbit (Lair:2)
  4 hornets (Lair:6)
  16 blink frogs
  12 dream sheep
  6 hippogriffs
  13 spriggans
  2 redbacks (Lair:4)
  22 yaks
  A wyvern (Lair:6)
  Eustachio (D:5)
  2 basilisks
  4 wargs
  10 water moccasins
  Duvessa (D:6)
  10 orc warriors
  8 porcupines
  Purgy (Sewer)
  3 sky beasts
  An ice beast (D:6)
  2 black bears
  A phantom (D:10)
  4 boggarts (Lair:6)
  2 elephant zombies (Lair:4)
  5 ogres
  7 centaurs
  30 wolves
  6 crocodiles
  8 bullfrogs
  Dowan (D:6)
  3 scorpions
  8 killer bees (D:8)
  5 wights (D:10)
  5 electric eels (Lair:4)
  A vampire bat (D:2)
  A howler monkey (D:6)
  2 basilisk zombies (Lair:4)
  8 orc wizards
  A bullfrog zombie (D:6)
  A jelly (D:10)
  2 bullfrog skeletons
  7 orc priests
  7 hounds
  3 centaur skeletons
  3 iguanas
  7 worker ants
  Terence (D:2)
  A killer bee zombie (D:9)
  A hound zombie (D:5)
  A hound skeleton (D:7)
  A worker ant zombie (D:6)
  Robin (D:4)
  8 gnolls
  A howler monkey skeleton (D:10)
  9 adders
  A shadow imp (D:10)
  5 white imps
  An ooze (D:3)
  2 worms
  A dart slug (D:1)
  6 leopard geckos
  34 orcs
  A ball python (D:7)
  5 bats
  4 bat skeletons (D:2)
  3 bat zombies (D:2)
  6 giant cockroaches
  24 goblins
  8 hobgoblins
  14 jackals
  17 kobolds
  3 quokkas
  8 frilled lizards
  17 rats
  2 fungi
  6 plants (Lair:3)
488 creatures vanquished.

Vanquished Creatures (collateral kills)
  A hydra (Lair:5)
  Urug (Lair:4)
  A spriggan (Lair:6)
  A yak (Lair:4)
  3 centaurs (Lair:4)
  An electric eel (Lair:4)
8 creatures vanquished.

Vanquished Creatures (others)
  3 blink frogs (Lair:5)
  14 fungi
  4 plants
21 creatures vanquished.

Grand Total: 517 creatures vanquished

Notes
Turn   | Place    | Note
-------+----------+-------------------------------------------
     0 | D:1      | relicbr the Merfolk Monk began the quest for the Orb.
     0 | D:1      | Reached XP level 1. HP: 18/18 MP: 1/1
    94 | D:1      | Reached skill level 5 in Polearms
   121 | D:1      | Reached XP level 2. HP: 24/24 MP: 2/2
   390 | D:1      | Reached skill level 6 in Polearms
   390 | D:1      | Reached XP level 3. HP: 29/29 MP: 3/3
   825 | D:2      | Noticed Terence
   882 | D:2      | Killed Terence
   882 | D:2      | Reached skill level 7 in Polearms
   882 | D:2      | Reached XP level 4. HP: 35/35 MP: 4/4
  1218 | D:2      | Found an ancient bone altar of Kikubaaqudgha.
  1229 | D:2      | Reached skill level 8 in Polearms
  1379 | D:2      | Reached XP level 5. HP: 41/41 MP: 5/5
  2111 | D:3      | Reached skill level 9 in Polearms
  2522 | D:3      | Found a bloodstained altar of Trog.
  2609 | D:4      | Reached XP level 6. HP: 47/47 MP: 6/6
  2829 | D:4      | Found a shimmering altar of Xom.
  2881 | D:4      | Reached skill level 10 in Polearms
  2979 | D:4      | Found Xuc Meir's Assorted Antiques.
  2984 | D:4      | Bought a short lead wand for 84 gold pieces
  3037 | D:4      | Found a staircase to the Ecumenical Temple.
  3046 | Temple   | Entered the Ecumenical Temple
  3061 | Temple   | Became a worshipper of Makhleb the Destroyer
  3061 | Temple   | Reached * piety under Makhleb
  3061 | Temple   | Reached ** piety under Makhleb
  3355 | D:4      | Noticed Robin
  3399 | D:4      | Killed Robin
  3566 | D:4      | Found a hide-covered altar of Uskayaw.
  3713 | D:4      | Got a colourful robe
  3724 | D:4      | Identified the +1 robe of Ashenzari's Scorn {rCorr} (You
                  | found it on level 4 of the Dungeon)
  3772 | D:5      | Entered Level 5 of the Dungeon
  3780 | D:5      | Found a white marble altar of Elyvilon.
  3803 | D:5      | Noticed Eustachio
  3841 | D:5      | Killed Eustachio
  3841 | D:5      | Reached skill level 5 in Fighting
  3841 | D:5      | Reached XP level 7. HP: 44/57 MP: 7/7
  4210 | D:5      | Found a glowing drain.
  4238 | Sewer    | Entered a sewer
  4275 | Sewer    | Noticed Purgy
  4290 | Sewer    | Killed Purgy
  4563 | D:5      | Found a glowing golden altar of the Shining One.
  4831 | D:6      | Reached XP level 8. HP: 45/67 MP: 8/8
  5120 | D:6      | Found a shattered altar of Ashenzari.
  5123 | D:6      | Found a hazy altar of Hepliaklqana.
  5123 | D:6      | Found a snail-covered altar of Cheibriados.
  5124 | D:6      | Found a shimmering altar of Xom.
  5318 | D:6      | Reached *** piety under Makhleb
  5404 | D:6      | Reached skill level 11 in Polearms
  5498 | D:6      | Found Hyeveon's Distillery.
  5520 | D:6      | Found a glowing silver altar of Zin.
  5520 | D:6      | Found an opulent altar of Gozag.
  5669 | D:6      | Bought a potion of curing for 36 gold pieces
  5669 | D:6      | Bought a potion of curing for 36 gold pieces
  5669 | D:6      | Bought a potion of curing for 36 gold pieces
  5669 | D:6      | Bought a potion of curing for 36 gold pieces
  5690 | D:7      | Noticed Duvessa
  5690 | D:7      | Noticed Dowan
  5695 | D:6      | Killed Dowan
  5709 | D:6      | Killed Duvessa
  5709 | D:6      | Reached XP level 9. HP: 40/76 MP: 9/9
  5777 | D:7      | Reached skill level 12 in Polearms
  6023 | D:7      | Reached skill level 13 in Polearms
  6841 | D:8      | Reached skill level 14 in Polearms
  7211 | D:8      | Noticed Gastronok
  7240 | D:8      | Killed Gastronok
  7240 | D:8      | Reached skill level 17 in Polearms
  7240 | D:8      | Reached XP level 10. HP: 74/83 MP: 10/10
  7337 | D:8      | Reached skill level 5 in Dodging
  7716 | D:9      | Found a runed translucent door.
  7716 | D:9      | Found a shimmering altar of Xom.
  7716 | D:9      | Noticed Melum's ghost (novice DDNe)
  7719 | D:9      | Noticed a +0 flail of chaos
  7772 | D:9      | Reached **** piety under Makhleb
  8095 | D:9      | Found a sparkling altar of Nemelex Xobeh.
  8248 | D:9      | Noticed a two-headed ogre
  8259 | D:9      | Killed a two-headed ogre
  8320 | D:9      | Reached XP level 11. HP: 64/89 MP: 11/11
  8402 | D:9      | Found a staircase to the Orcish Mines.
  8410 | D:9      | Found Qacuzurr's Magic Scroll Emporium.
  8512 | D:10     | Entered Level 10 of the Dungeon
  8638 | D:10     | Reached skill level 10 in Dodging
  8732 | D:10     | Reached skill level 1 in Armour
  8825 | D:10     | Found a staircase to the Lair.
  9347 | Lair:1   | Entered Level 1 of the Lair of Beasts
  9563 | Lair:1   | Reached skill level 10 in Fighting
  9606 | Lair:1   | Reached ***** piety under Makhleb
  9694 | Lair:1   | Reached skill level 1 in Invocations
 10156 | Lair:2   | Noticed an eight-headed hydra
 10172 | Lair:2   | Killed an eight-headed hydra
 10172 | Lair:2   | Reached skill level 5 in Invocations
 10497 | Lair:2   | Noticed a seven-headed hydra
 10508 | Lair:2   | Killed a seven-headed hydra
 10514 | Lair:2   | Noticed Prince Ribbit
 10540 | Lair:2   | Killed Prince Ribbit
 10540 | Lair:2   | Reached XP level 12. HP: 97/97 MP: 18/18
 11726 | Lair:3   | Noticed an eight-headed hydra
 11727 | Lair:3   | Noticed a seven-headed hydra
 11755 | Lair:3   | Killed an eight-headed hydra
 11756 | Lair:3   | Killed a seven-headed hydra
 11756 | Lair:3   | Reached skill level 5 in Armour
 12699 | Lair:4   | Noticed an eight-headed hydra
 12723 | Lair:4   | Killed an eight-headed hydra
 12846 | Lair:4   | Noticed Urug
 12866 | Lair:4   | Killed Urug
 13026 | Lair:4   | Found a staircase to the Shoals.
 13201 | Lair:4   | Reached XP level 13. HP: 103/103 MP: 19/19
 13630 | Lair:4   | Got a faintly glowing ring mail
 13641 | Lair:4   | Identified the +1 ring mail of the Twelve Curses {Harm
                  | *Slow rElec Str+4 Int+2} (You found it on level 4 of the
                  | Lair of Beasts)
 13684 | Lair:4   | Found a hole to the Spider Nest.
 13706 | Lair:4   | Reached skill level 10 in Invocations
 14390 | Lair:4   | Identified a scroll of acquirement
 14390 | Lair:4   | Acquired a +0 pair of gloves of dexterity
 14802 | Lair:5   | Found a hide-covered altar of Uskayaw.
 15187 | Lair:5   | Got a pair of buzzing gloves
 15208 | Lair:5   | Identified the +1 pair of gloves of the Cooper {+Blink
                  | Regen+} (You found it on level 5 of the Lair of Beasts)
 15242 | Lair:5   | Found a staircase to the Slime Pits.
 15609 | Lair:6   | Entered Level 6 of the Lair of Beasts
 15742 | Lair:6   | Noticed Sonja
 15748 | Lair:6   | Killed Sonja
 17262 | Lair:6   | Reached XP level 14. HP: 70/110 MP: 11/24
 18318 | Lair:6   | Reached skill level 15 in Invocations
 18660 | Orc:1    | Entered Level 1 of the Orcish Mines
 18776 | Orc:2    | Entered Level 2 of the Orcish Mines
 18776 | Orc:2    | Found a staircase to the Elven Halls.
 18834 | Orc:2    | Found Goboshri's Antique Weapon Emporium.
 18895 | Orc:2    | Found a roughly hewn altar of Beogh.
 18919 | Orc:2    | Paralysed by an orc sorcerer for 7 turns
 18924 | Orc:2    | Slain by an orc sorcerer

Illustrated notes

Levels and vault maps discovered:
D:1:      minmay_arrival_four_houses, layout_loops_cross
D:2:      minmay_alternating_diamond, layout_loops_corners,
          kennysheep_vampire_church, minmay_cut_off, uniq_terence
D:3:      wad_pebble_path, layout_loops_ring, bloody_trog,
          grunt_decor_mini_mirrors
D:4:      kennysheep_goblin_castle, layout_basic, lemuel_coloured_pillars_altar,
          minmay_temple_entry_nine_rooms, serial_shops,
          nicolae_shop_overgrown_old_shop, brannock_xom_greatest_gift
D:5:      layout_cave_pods, nicolae_tso_carved_into_rock, elyvilon_altar_4,
          portal_sewer_entry_c, uniq_eustachio
D:6:      layout_cave_pools, grunt_temple_overflow_gold_and_silver,
          chequers_temple_overflow_statue_of_worship, serial_shops,
          nicolae_shop_behind_doors, minmay_manual_monstrance
D:7:      layout_cave_pods, uniq_duvessa
D:8:      layout_loops_ring, uniq_gastronok
D:9:      layout_long_grid, kennysheep_mini_moat, orc_0_dummy,
          ebering_ghost_xom, serial_shops, shop
D:10:     lemuel_upstairs_altar, layout_basic, lair_entry_dummy
Temple:   zaba_magenta_temple
Lair:1:   layout_chaotic_city, columned_hall_lemuel
Lair:2:   layout_regular_city, grunt_forest_large_clearing_hut,
          uniq_prince_ribbit2
Lair:3:   layout_chaotic_city, wad_woods_03, grunt_megastairs_2,
          lemuel_fruit_fields
Lair:4:   pond_and_an_island_with_a_cottage, layout_long_grid,
          minmay_shoals_entry_centaurs, spider_nest_entry_a, uniq_urug
Lair:5:   layout_layer_cave, dpeg_slime_entry_corner, lemuel_oklob_altar
Lair:6:   minmay_lair_end_enchanted_forest, layout_cellular_growth, uniq_sonja
Orc:1:    layout_caves, serial_shops, shop
Orc:2:    grunt_orc_gardens, layout_diamond_mine, grunt_orc_garden,
          grunt_orc_garden, grunt_orc_garden, grunt_orc_garden, basic_altar,
          nicolae_orc_tapped_out

Skill      XL: |  1  2  3  4  5  6  7  8  9 10 11 12 13 14 |
---------------+-------------------------------------------+-----
Polearms       | 5 6 7 8 9 10 11 17 | 17.0
Fighting       | 5 7 9 10 | 10.0
Dodging        | 9 10 | 10.1
Armour         | 2 8 |  8.0
Invocations    | 8 9 14 15 | 15.2
Stealth        | |  2.1

Action                   |  1- 3 |  4- 6 |  7- 9 | 10-12 | 13-15 || total
-------------------------+-------+-------+-------+-------+-------++-------
Melee: Spear             |   100 |       |       |       |    90 ||   190
       Trident           |       |   302 |   357 |   521 |   133 ||  1313
       Tailslap          |       |     8 |     5 |     6 |       ||    19
       Halberd           |       |       |       |   261 |   568 ||   829
Throw: Boomerang         |    46 |    21 |    57 |    38 |    13 ||   175
       Dart              |       |     1 |     5 |     9 |     2 ||    17
       Throwing net      |       |       |       |     2 |       ||     2
       Javelin           |       |       |       |       |    17 ||    17
Invok: Minor Destruction |       |     2 |       |       |       ||     2
       Major Destruction |       |       |       |     5 |     2 ||     7
       Lesser Servant of |       |       |       |     3 |     1 ||     4
       Greater Servant o |       |       |       |       |     1 ||     1
Evoke: Wand              |       |     1 |     1 |    35 |    12 ||    49
       Lightning rod     |       |       |       |       |     5 ||     5
  Use: Potion            |     5 |     2 |       |     1 |     3 ||    11
       Scroll            |       |     8 |     3 |    10 |     6 ||    27
 Stab: Distracted        |       |     1 |       |       |     3 ||     4
       Sleeping          |       |     1 |       |       |       ||     1
       Held in net/web   |       |       |       |     3 |       ||     3
Armor: Robe              |     5 |       |       |       |       ||     5
       Ring mail         |     8 |    32 |       |       |       ||    40
       Scale mail        |       |    87 |    54 |   148 |   226 ||   515
       Chain mail        |       |       |    33 |       |       ||    33
Dodge: Dodged            |    41 |   175 |   129 |   411 |   526 ||  1282

Table legend: (Time is in decaauts)
 A = Elapsed time spent in this place.
 B = Non-inter-level travel time spent in this place.
 C = Inter-level travel time spent in this place.
 D = Time resting spent in this place.
 E = Time spent auto-exploring this place.
 F = Levels seen in this place.
 G = Mean time per level.
                   A        B        C        D        E       F      G
               +--------+--------+--------+--------+--------+-----+--------+
         Total |  18262 |  17029 |   1233 |   1165 |  12043 |  20 |  913.1 |
       Dungeon |   8974 |   8291 |    683 |    183 |   6236 |  10 |  897.4 |
        Temple |     78 |     59 |     19 |      0 |     51 |   1 |   78.0 |
          Lair |   8894 |   8374 |    520 |    982 |   5604 |   6 | 1482.3 |
  Orcish Mines |    202 |    192 |     10 |      0 |     87 |   2 |  101.0 |
         Sewer |    112 |    112 |      0 |      0 |     64 |   1 |  112.0 |
               +--------+--------+--------+--------+--------+-----+--------+

Top non-repeatable levels by time:
  Lair:6: 2596 daAuts
  Lair:4: 1438 daAuts
  Lair:2: 1409 daAuts
  Lair:3: 1365 daAuts
     D:2: 1228 daAuts
  Lair:5: 1204 daAuts
     D:4: 1112 daAuts
     D:6: 976 daAuts
     D:7: 943 daAuts
     D:8: 922 daAuts
  Lair:1: 878 daAuts
     D:5: 862 daAuts
     D:9: 829 daAuts
    D:10: 812 daAuts
     D:1: 667 daAuts
